[Event "Titled Tuesday Blitz May 24 Early 2022"]
[White "Ljukin, Sergei"]
[Black "Ferguson, Randal"]
[WhiteFideId "14102200"]
[BlackFideId "30903106"]
[WhiteElo "2312"]
[BlackElo "2160"]
[Result "1-0"]
[Round "02"]
[TimeControl "180+1"]
[Date "2022.05.25"]
[WhiteClock "0:01:22"]
[BlackClock "0:00:04"]

1. e4 c5 2. Nf3 d6 3. d4 Nf6 4. Nc3 cxd4 5. Nxd4 a6 6. Bg5 e6 7. f4 Be7 8. Qf3 Qc7 9. O-O-O Nbd7 10. g4 b5 11. Bxf6 Bxf6 12. Bxb5 Rb8 13. Bxd7+ Bxd7 14. g5 Bxd4 15. Rxd4 Qb6 16. Qd3 Qxb2+ 17. Kd2 O-O 18. Rb1 Qa3 19. Rxb8 Rxb8 20. Rxd6 Be8 21. Rd8 Rxd8 22. Qxd8 Kf8 23. e5 Qc5 24. Qd6+ Qxd6+ 25. exd6 Bc6 26. Ke3 Ke8 27. Kd4 f6 28. Kc5 Kd7 29. Ne2 h6 30. gxh6 gxh6 31. Nd4 Bd5 32. c4 Bg2 33. Kb6 Kxd6 34. c5+ Kd7 35. c6+ Kc8 36. Nxe6 1-0


[Site "https://www.chess.com"]

[Event "Titled Tuesday Blitz May 24 Early 2022"]
[White "Lobachev, Yury"]
[Black "Borgaonkar Akshay"]
[WhiteFideId "24138177"]
[BlackFideId "25639110"]
[WhiteElo "2309"]
[BlackElo "1639"]
[Result "1-0"]
[Round "02"]
[TimeControl "180+1"]
[Date "2022.05.25"]
[WhiteClock "0:00:45"]
[BlackClock "0:00:01"]

1. c4 Nf6 2. Nc3 g6 3. g3 Bg7 4. Bg2 d6 5. Nf3 O-O 6. d3 e5 7. O-O Nc6 8. Rb1 a5 9. Bg5 h6 10. Bxf6 Qxf6 11. Nd5 Qd8 12. a3 Be6 13. Nd2 Qd7 14. Re1 f5 15. b4 axb4 16. axb4 f4 17. b5 Nd4 18. b6 fxg3 19. hxg3 Qf7 20. Rf1 c6 21. Nc7 Ra2 22. Nxe6 Qxe6 23. e3 Nf5 24. Ra1 Rfa8 25. Rxa2 Rxa2 26. Bxc6 bxc6 27. b7 Rb2 28. Qb1 Rxb1 29. Rxb1 h5 30. b8=Q+ Kh7 31. Ne4 Kh6 32. Qd8 d5 33. Qg5+ Kh7 34. cxd5 cxd5 35. Qxh5+ Kg8 36. Ng5 Qf6 37. Rb8+ 1-0


[Site "https://www.chess.com"]

[Event "Titled Tuesday Blitz May 24 Early 2022"]
[White "Lopez, Henry"]
[Black "Samaganova, Aleksandra"]
[WhiteFideId "5203830"]
[BlackFideId "13800221"]
[WhiteElo "2177"]
[BlackElo "1889"]
[Result "1-0"]
[Round "02"]
[TimeControl "180+1"]
[Date "2022.05.25"]
[WhiteClock "0:02:03"]
[BlackClock "0:00:54"]

1. d4 Nf6 2. Nf3 e6 3. c4 b6 4. a3 Bb7 5. Nc3 d5 6. cxd5 Nxd5 7. Qc2 Be7 8. e4 Nxc3 9. bxc3 O-O 10. Bd3 c5 11. O-O cxd4 12. cxd4 Nc6 13. Bb2 Rc8 14. Qe2 Na5 15. Rac1 Rxc1 16. Rxc1 Qd6 17. d5 Rc8 18. Rd1 exd5 19. e5 Qh6 20. Nd4 Nc4 21. Bc1 Bg5 22. Nf5 Bxc1 23. Nxh6+ Bxh6 24. e6 fxe6 25. Qxe6+ Kh8 26. Qd7 Ba6 27. Bxc4 1-0


[Site "https://www.chess.com"]

[Event "Titled Tuesday Blitz May 24 Early 2022"]
[White "Macovei, Andrei"]
[Black "Meunier-Pion, Jean"]
[WhiteFideId "13904680"]
[BlackFideId "20685327"]
[WhiteElo "2472"]
[BlackElo "2124"]
[Result "1-0"]
[Round "02"]
[TimeControl "180+1"]
[Date "2022.05.25"]
[WhiteClock "0:01:48"]
[BlackClock "0:00:02"]

1. e4 c5 2. Nf3 d6 3. d4 cxd4 4. Qxd4 Nc6 5. Qe3 g6 6. Be2 Bg7 7. O-O Nf6 8. c4 O-O 9. Nc3 Bd7 10. Rb1 a5 11. b3 Ng4 12. Qd2 f5 13. exf5 Bxf5 14. Ra1 Nge5 15. Bb2 Qd7 16. Nxe5 Nxe5 17. Nd5 Rad8 18. f4 Nc6 19. Bxg7 Kxg7 20. Rae1 a4 21. Bf3 axb3 22. axb3 Rf7 23. b4 e6 24. Qb2+ e5 25. b5 Nd4 26. fxe5 dxe5 27. Rxe5 Nxf3+ 28. Rxf3 Kg8 29. Rfe3 Rdf8 30. Re7 Qd6 31. h3 Bxh3 32. Rxf7 Rxf7 33. gxh3 Qc6 34. bxc6 1-0


[Site "https://www.chess.com"]

[Event "Titled Tuesday Blitz May 24 Early 2022"]
[White "Maksimenko, Viktor"]
[Black "Oganian, Miran"]
[WhiteFideId "13710478"]
[BlackFideId "4122488"]
[WhiteElo "2269"]
[BlackElo "2357"]
[Result "1-0"]
[Round "02"]
[TimeControl "180+1"]
[Date "2022.05.25"]
[WhiteClock "0:01:26"]
[BlackClock "0:01:09"]

1. d4 e6 2. c4 d5 3. Nf3 a6 4. g3 dxc4 5. Bg2 b5 6. Ne5 Ra7 7. a4 Bb7 8. e4 Ra8 9. O-O Nf6 10. Nc3 b4 11. Na2 Bxe4 12. Bxe4 Nxe4 13. Qf3 f5 14. Re1 Qd5 15. Qh5+ g6 16. Nxg6 Nf6 17. Qh4 hxg6 18. Qxf6 Rh7 19. Qxg6+ Rf7 20. Rxe6+ Be7 21. Bg5 Nc6 22. Rae1 Kf8 23. Bh6+ Ke8 24. Qg8+ Kd7 25. Qxf7 Re8 26. Rxe7+ Nxe7 27. Rxe7+ Kc6 28. Qxd5+ Kxd5 29. Nxb4+ Kxd4 30. Rxe8 1-0


[Site "https://www.chess.com"]

[Event "Titled Tuesday Blitz May 24 Early 2022"]
[White "Manukian, Artak"]
[Black "Sovetbekova, Nurai"]
[WhiteFideId "13301373"]
[BlackFideId "13801910"]
[WhiteElo "2498"]
[BlackElo "1660"]
[Result "1-0"]
[Round "02"]
[TimeControl "180+1"]
[Date "2022.05.25"]
[WhiteClock "0:00:13"]
[BlackClock "0:00:01"]

1. e4 c5 2. Nf3 d6 3. Bb5+ Nd7 4. O-O Nf6 5. Re1 a6 6. Bd3 g6 7. a4 Bg7 8. c3 O-O 9. Bc2 c4 10. b3 cxb3 11. Bxb3 Nc5 12. Bc2 b6 13. d4 Ncd7 14. e5 dxe5 15. dxe5 Ng4 16. e6 fxe6 17. h3 Nge5 18. Ng5 Nc5 19. Be3 Ncd3 20. Re2 h6 21. Rd2 hxg5 22. Bxd3 Qc7 23. Be4 Bb7 24. Bxb7 Qxb7 25. Bd4 Qc7 26. Na3 Rad8 27. Qb3 Kh7 28. Qxe6 Rf6 29. Qa2 Rdf8 30. Nc2 g4 31. Re1 gxh3 32. Bxe5 Qc6 33. f3 R6f7 34. Bxg7 Kxg7 35. Nd4 Qc5 36. Kh2 Qc7+ 37. g3 Qxc3 38. Ne6+ Kg8 39. f4 Rc8 40. Ree2 Qc6 41. Ng5 Qb7 42. Qxf7+ 1-0


[Site "https://www.chess.com"]

[Event "Titled Tuesday Blitz May 24 Early 2022"]
[White "Manukyan, Artyom"]
[Black "Kejzar, Petra"]
[WhiteFideId "13305786"]
[BlackFideId "14610213"]
[WhiteElo "2034"]
[BlackElo "2004"]
[Result "1-0"]
[Round "02"]
[TimeControl "180+1"]
[Date "2022.05.25"]
[WhiteClock "0:02:06"]
[BlackClock "0:01:02"]

1. e4 c5 2. Ne2 d6 3. c3 Nf6 4. d3 e6 5. g3 Be7 6. Bg2 O-O 7. O-O Nc6 8. d4 cxd4 9. cxd4 d5 10. e5 Ne4 11. h4 b6 12. f3 Nxg3 13. Nxg3 Bxh4 14. Ne2 Ba6 15. Nbc3 Be7 16. f4 Rc8 17. f5 Nxd4 18. Nxd4 Bxf1 19. Qxf1 Bc5 20. Ne2 Qh4 21. Be3 f6 22. Bf2 Qh6 23. Nxe6 Bxf2+ 24. Qxf2 Rfe8 25. exf6 Qxf6 26. N2d4 Rc4 27. Bxd5 1-0


[Site "https://www.chess.com"]

[Event "Titled Tuesday Blitz May 24 Early 2022"]
[White "Martin, Lewis"]
[Black "Garcia Garcia, Alejandro"]
[WhiteFideId "410551"]
[BlackFideId "3516334"]
[WhiteElo "2145"]
[BlackElo "2142"]
[Result "1/2-1/2"]
[Round "02"]
[TimeControl "180+1"]
[Date "2022.05.25"]
[WhiteClock "0:00:11"]
[BlackClock "0:01:19"]

1. e4 c5 2. Nf3 e6 3. d4 cxd4 4. Nxd4 Nf6 5. Nc3 Nc6 6. Ndb5 d6 7. Bf4 e5 8. Bg5 a6 9. Na3 b5 10. Bxf6 gxf6 11. Nd5 f5 12. Bd3 Be6 13. c4 Qa5+ 14. Qd2 Qxd2+ 15. Kxd2 Bh6+ 16. Kc3 Bxd5 17. exd5 b4+ 18. Kb3 bxa3 19. dxc6 axb2 20. Kxb2 e4 21. Bc2 Bg7+ 22. Ka3 Bxa1 23. Rxa1 Rb8 24. Rd1 Ke7 25. Rd5 Ke6 26. f3 Rhc8 27. fxe4 Rxc6 28. exf5+ Kf6 29. Bd3 Rc5 30. Rxd6+ Ke5 31. Rxa6 Kd4 32. Bc2 Kxc4 33. Bb3+ Kc3 34. g4 Rbb5 35. Ka4 Rb4+ 36. Ka3 f6 37. h3 h6 38. Ra8 Rc7 39. Ra6 Rbb7 40. Ka4 Ra7 41. Ka5 Rxa6+ 42. Kxa6 Kb4 43. Be6 Rc3 44. Kb6 Rxh3 45. Kc6 Rg3 46. Kd6 Rxg4 47. Ke7 h5 48. Kxf6 h4 49. Ke5 h3 50. f6 h2 51. f7 h1=Q 52. f8=Q+ Kc3 53. Bxg4 Qe1+ 54. Kf6 Qh4+ 55. Kf7 Qxg4 56. Qc5+ Kb2 57. Qb5+ Kxa2 58. Qd5+ Kb2 59. Qe6 Qh5+ 60. Ke7 Qc5+ 61. Qd6 Qa7+ 62. Qd7 Qe3+ 63. Qe6 Qc5+ 64. Qd6 Qf5 65. Qf6+ Qxf6+ 66. Kxf6 1/2-1/2


[Site "https://www.chess.com"]

[Event "Titled Tuesday Blitz May 24 Early 2022"]
[White "Martinez Alcantara, Jose Eduardo"]
[Black "Livaic, Leon"]
[WhiteFideId "3805662"]
[BlackFideId "14531534"]
[WhiteElo "2690"]
[BlackElo "2540"]
[Result "1-0"]
[Round "02"]
[TimeControl "180+1"]
[Date "2022.05.24"]
[WhiteClock "0:00:05"]
[BlackClock "0:00:02"]

1. e4 c6 2. d4 d5 3. e5 Bf5 4. h4 h6 5. g4 Bd7 6. Nc3 Qc8 7. f3 h5 8. g5 g6 9. Be3 Bf5 10. Nge2 e6 11. Ng3 Ne7 12. Be2 Nd7 13. Na4 b6 14. c3 c5 15. b4 cxb4 16. Rc1 bxc3 17. Nxc3 Nc6 18. Nxf5 gxf5 19. f4 Ba3 20. Rb1 Bb4 21. Qd2 Ba5 22. Rc1 Ne7 23. Kf2 Ng6 24. Qb2 Bxc3 25. Rxc3 Qd8 26. Bb5 Kf8 27. Qb4+ Kg7 28. Qd6 Ndf8 29. Kg3 Ne7 30. Rhc1 Nfg6 31. Ba6 b5 32. Qxd8 Rhxd8 33. Bxb5 Rab8 34. Be2 Rb2 35. R1c2 Rdb8 36. Bc1 Rxc2 37. Rxc2 Rb6 38. Bxh5 Nc6 39. Be3 Ra6 40. Rc3 Na5 41. Be2 Rb6 42. h5 Ne7 43. Rc7 Nac6 44. h6+ Kg6 45. a4 a6 46. Kh4 Rb3 47. Bh5+ Kh7 48. Bf2 Kg8 49. h7+ Kxh7 50. Bxf7 Kh8 51. Bh5 Kg7 52. Rd7 Kf8 53. Rd6 Rd3 54. Rxe6 Nxd4 55. Rf6+ Kg8 56. Bxd4 Rxd4 57. g6 Rxf4+ 58. Kg5 Re4 59. Re6 Nc8 60. Kf6 Nd6 61. Rxd6 1-0


[Site "https://www.chess.com"]

[Event "Titled Tuesday Blitz May 24 Early 2022"]
[White "Martinez, Shawn"]
[Black "Stepanencu, Nicodim-Cosmin"]
[WhiteFideId "2039770"]
[BlackFideId "1256220"]
[WhiteElo "2174"]
[BlackElo "1945"]
[Result "0-1"]
[Round "02"]
[TimeControl "180+1"]
[Date "2022.05.25"]
[WhiteClock "0:00:07"]
[BlackClock "0:00:20"]

1. e4 d6 2. d4 Nf6 3. Nc3 g6 4. Bg5 Bg7 5. Qd2 h6 6. Bf4 g5 7. Be3 Ng4 8. Nf3 a6 9. h3 Nxe3 10. fxe3 b5 11. Bd3 Bb7 12. Ne2 c5 13. c3 Nd7 14. Ng3 Nf6 15. O-O e6 16. e5 Nd5 17. Ne4 dxe5 18. dxe5 O-O 19. Rad1 Qb6 20. Bb1 Rad8 21. Qc2 f5 22. exf6 Nxe3 23. Qe2 Nxd1 24. fxg7 Rf4 25. Ne5 c4+ 26. Kh2 Bxe4 27. Rxf4 Bxb1 28. Qh5 Qc7 29. Qf7+ Qxf7 30. Rxf7 Rd5 31. Rf1 Rxe5 32. Rxd1 Bd3 33. b3 Kxg7 34. bxc4 bxc4 35. Rd2 Re2 36. Rd1 Be4 37. Kg3 Rxg2# 0-1


[Site "https://www.chess.com"]

[Event "Titled Tuesday Blitz May 24 Early 2022"]
[White "Matinian, Nikita"]
[Black "Rom, Jasper"]
[WhiteFideId "24129100"]
[BlackFideId "2023733"]
[WhiteElo "2422"]
[BlackElo "2233"]
[Result "1/2-1/2"]
[Round "02"]
[TimeControl "180+1"]
[Date "2022.05.25"]
[WhiteClock "0:00:06"]
[BlackClock "0:00:06"]

1. e4 e6 2. d4 d5 3. Nc3 Nf6 4. Bg5 Bb4 5. exd5 exd5 6. Bd3 Nc6 7. Qe2+ Be6 8. Nf3 O-O 9. h3 Re8 10. Be3 Ne4 11. O-O Bxc3 12. bxc3 Nxc3 13. Qe1 Ne4 14. Rb1 Rb8 15. Ne5 f6 16. Nxc6 bxc6 17. Qa5 Rb6 18. Qxa7 Qb8 19. Qxb8 Rexb8 20. Rxb6 cxb6 21. f3 Nc3 22. a3 Ra8 23. Ra1 b5 24. Bd2 Na4 25. Bb4 Nb2 26. g4 Kf7 27. Kf2 h5 28. Re1 Nxd3+ 29. cxd3 hxg4 30. fxg4 Rh8 31. Kg3 g5 32. Rc1 Bd7 33. Rf1 Re8 34. Kf2 Rh8 35. Kg3 Re8 36. Kf3 Rh8 37. Rh1 f5 38. Re1 Re8 39. Rf1 Rh8 40. Kg2 Kg6 41. Bd6 f4 42. Re1 Re8 43. Re5 Rxe5 44. dxe5 Be6 45. d4 Bd7 46. Kf3 Be6 47. Bb4 Bd7 48. Be1 Be6 49. h4 Bd7 50. Bf2 Be6 51. h5+ Kh6 52. Be1 Bd7 53. Ba5 Be6 54. Bb4 Bd7 55. Bf8+ Kh7 56. Be7 Kh6 57. Bb4 Be6 58. Bd2 Bd7 59. Bc1 Be6 60. Bd2 Bd7 61. Ba5 Be6 62. Bd8 Bd7 63. Be7 Be6 64. Bf8+ Kh7 65. h6 Bd7 66. Bg7 Kg6 67. Bf8 Be6 68. Bg7 Bd7 69. Bf8 Be6 70. Bg7 Bd7 1/2-1/2


[Site "https://www.chess.com"]

[Event "Titled Tuesday Blitz May 24 Early 2022"]
[White "Matlakov, Maxim"]
[Black "Taboas Rodriguez, Daniel"]
[WhiteFideId "4168003"]
[BlackFideId "2208466"]
[WhiteElo "2669"]
[BlackElo "2429"]
[Result "1-0"]
[Round "02"]
[TimeControl "180+1"]
[Date "2022.05.24"]
[WhiteClock "0:01:02"]
[BlackClock "0:00:36"]

1. d4 Nf6 2. c4 g6 3. g3 Bg7 4. Bg2 O-O 5. Nc3 d6 6. Nf3 Nbd7 7. O-O e5 8. e4 c6 9. h3 a5 10. Re1 Re8 11. Be3 exd4 12. Nxd4 Nc5 13. Qc2 a4 14. Rad1 Qa5 15. Bf4 Ne6 16. Nxe6 Bxe6 17. Bxd6 Bxc4 18. e5 Nd5 19. Nxd5 Bxd5 20. Bxd5 cxd5 21. Qd3 Rad8 22. Re2 d4 23. f4 Bf8 24. Bxf8 Rxf8 25. Re4 Rc8 26. Rxd4 Qb4 27. Rxb4 1-0


[Site "https://www.chess.com"]

[Event "Titled Tuesday Blitz May 24 Early 2022"]
[White "Melikyan, Gnel"]
[Black "Kvaloy, Aksel Bu"]
[WhiteFideId "54109990"]
[BlackFideId "1528815"]
[WhiteElo "1772"]
[BlackElo "2053"]
[Result "1-0"]
[Round "02"]
[TimeControl "180+1"]
[Date "2022.05.25"]
[WhiteClock "0:01:04"]
[BlackClock "0:00:14"]

1. e4 e5 2. Nf3 Nc6 3. d4 exd4 4. Nxd4 Nf6 5. Nxc6 bxc6 6. e5 Qe7 7. Qe2 Nd5 8. c4 Ba6 9. b3 g6 10. g3 Bg7 11. Bb2 O-O 12. Bg2 d6 13. O-O dxe5 14. Nd2 Rfe8 15. Rfe1 Rad8 16. Nf1 Nb4 17. Ba3 c5 18. Ne3 e4 19. Rad1 Nd3 20. Nd5 Qd6 21. Rxd3 exd3 22. Qxe8+ Rxe8 23. Rxe8+ Bf8 24. Bb2 d2 25. Bf3 f5 26. Be5 Qc6 27. Ne7+ Kf7 28. Nxc6 Kxe8 29. Kf1 Bb7 30. Ke2 Kd7 31. Nb8+ Kc8 32. Bxb7+ Kxb7 33. Nd7 Bd6 1-0


[Site "https://www.chess.com"]

[Event "Titled Tuesday Blitz May 24 Early 2022"]
[White "Miszler, Levente"]
[Black "Bachmann, Axel"]
[WhiteFideId "763276"]
[BlackFideId "3700488"]
[WhiteElo "1966"]
[BlackElo "2587"]
[Result "0-1"]
[Round "02"]
[TimeControl "180+1"]
[Date "2022.05.25"]
[WhiteClock "0:00:35"]
[BlackClock "0:00:53"]

1. Nf3 Nf6 2. c4 e6 3. g3 d5 4. Bg2 d4 5. O-O c5 6. e3 Nc6 7. exd4 cxd4 8. d3 Bd6 9. Re1 O-O 10. a3 a5 11. Nbd2 e5 12. Rb1 Re8 13. Ng5 Bf8 14. Nge4 Nd7 15. g4 a4 16. Ng3 Nc5 17. Nde4 Nb3 18. h3 Ne7 19. Bg5 Ra6 20. f4 f6 21. Bh4 Ng6 22. fxe5 Nxh4 23. exf6 Nxg2 24. Kxg2 gxf6 25. Nh5 Bg7 26. Qf3 Rf8 27. Rf1 f5 28. gxf5 Rxf5 29. Qe2 Qh4 30. Nhg3 Rxf1 31. Rxf1 Bxh3+ 0-1


[Site "https://www.chess.com"]

[Event "Titled Tuesday Blitz May 24 Early 2022"]
[White "Molina, Roberto Junio Brito"]
[Black "Vovk, Orest"]
[WhiteFideId "2109450"]
[BlackFideId "14113490"]
[WhiteElo "2432"]
[BlackElo "2203"]
[Result "1-0"]
[Round "02"]
[TimeControl "180+1"]
[Date "2022.05.24"]
[WhiteClock "0:00:40"]
[BlackClock "0:00:17"]

1. d4 h6 2. e4 g5 3. h4 g4 4. Nc3 Bg7 5. Be3 d6 6. Qd2 c6 7. O-O-O Qa5 8. Kb1 Be6 9. Nge2 b5 10. Nf4 b4 11. Nxe6 fxe6 12. Ne2 Nf6 13. f3 Nbd7 14. Nf4 Nf8 15. Bd3 Rb8 16. Rhe1 gxf3 17. gxf3 Nh5 18. e5 Nxf4 19. Bxf4 d5 20. Rg1 Rg8 21. Rg2 c5 22. dxc5 Qxc5 23. Rdg1 Kf7 24. Qe2 Qd4 25. Bc1 Nd7 26. f4 Bxe5 27. Qh5+ Kf6 28. Rg6+ Kf7 29. Rxg8+ 1-0


[Site "https://www.chess.com"]

[Event "Titled Tuesday Blitz May 24 Early 2022"]
[White "Mortazavi, Ali"]
[Black "Valle Maytin, Luis Enrique"]
[WhiteFideId "401323"]
[BlackFideId "3503666"]
[WhiteElo "2339"]
[BlackElo "2255"]
[Result "1-0"]
[Round "02"]
[TimeControl "180+1"]
[Date "2022.05.25"]
[WhiteClock "0:01:03"]
[BlackClock "0:00:03"]

1. Nf3 Nf6 2. g3 g6 3. Bg2 Bg7 4. O-O O-O 5. d3 d6 6. e4 Nbd7 7. Nc3 c6 8. a4 e5 9. d4 Qc7 10. h3 a5 11. Re1 b6 12. Be3 Bb7 13. Qd2 Rad8 14. Rad1 Rfe8 15. Bh6 Bh8 16. Qg5 exd4 17. Nxd4 Re5 18. Qd2 Nc5 19. Bf4 Ree8 20. Nb3 Re6 21. Nxc5 bxc5 22. e5 Ne8 23. exd6 Qd7 24. Rxe6 Qxe6 25. Ne4 Qc4 26. b3 Qd4 27. Qe1 Qb4 28. c3 1-0


[Site "https://www.chess.com"]

[Event "Titled Tuesday Blitz May 24 Early 2022"]
[White "Nakamura, Hikaru"]
[Black "Kosteniuk, Alexandra"]
[WhiteFideId "2016192"]
[BlackFideId "4128125"]
[WhiteElo "2850"]
[BlackElo "2469"]
[Result "1-0"]
[Round "02"]
[TimeControl "180+1"]
[Date "2022.05.24"]
[WhiteClock "0:01:29"]
[BlackClock "0:00:23"]

1. Nf3 Nf6 2. b3 b6 3. g3 Bb7 4. Bb2 e6 5. Bg2 Be7 6. O-O O-O 7. d4 d5 8. e3 c5 9. Qe2 Nc6 10. dxc5 bxc5 11. c4 Ba6 12. Rd1 Qb6 13. Nbd2 Rad8 14. Ne1 Rfe8 15. Rac1 h6 16. Nd3 Nb4 17. Nxb4 Qxb4 18. Qe1 Bb7 19. cxd5 exd5 20. Nb1 Qxe1+ 21. Rxe1 Ba6 22. Red1 Ne4 23. Nc3 Bf6 24. Na4 Bxb2 25. Nxb2 Be2 26. Re1 Bh5 27. Nd3 c4 28. Nf4 Bg6 29. bxc4 dxc4 30. Nxg6 fxg6 31. Rxc4 Nf6 32. Ra4 Re7 33. Bf3 Rd2 34. Re2 Rd1+ 35. Kg2 Rc7 36. Rc2 Rdd7 37. Rxc7 Rxc7 38. h4 Kf8 39. Ra5 Ke7 40. Be2 Nd7 41. Bd3 Nf8 42. f4 Kf7 43. Kf3 Ne6 44. Be4 Nc5 45. Bc2 Kf6 46. e4 Ne6 47. e5+ Kf7 48. Bb3 Rc3+ 49. Kf2 1-0


[Site "https://www.chess.com"]

[Event "Titled Tuesday Blitz May 24 Early 2022"]
[White "Nilsen, Tobias Lang"]
[Black "Bacrot, Etienne"]
[WhiteFideId "1521624"]
[BlackFideId "605506"]
[WhiteElo "2014"]
[BlackElo "2673"]
[Result "0-1"]
[Round "02"]
[TimeControl "180+1"]
[Date "2022.05.25"]
[WhiteClock "0:00:13"]
[BlackClock "0:00:15"]

1. f4 e5 2. fxe5 d6 3. Nf3 Nc6 4. e4 Nxe5 5. d4 Nxf3+ 6. Qxf3 Qf6 7. Be3 Qxf3 8. gxf3 f5 9. Nc3 fxe4 10. fxe4 Nf6 11. e5 Ng4 12. Bf4 dxe5 13. dxe5 Bb4 14. Be2 O-O 15. Bxg4 Bxg4 16. Bg3 Rf3 17. O-O-O Bxc3 18. bxc3 Rxc3 19. Rd3 Rxd3 20. cxd3 Rd8 21. Kc2 Kf7 22. Rf1+ Ke6 23. Rf4 Bf5 24. Rf3 g5 25. Kc3 h5 26. h4 gxh4 27. Bxh4 Rd5 28. d4 c5 29. Bf2 cxd4+ 30. Bxd4 Ra5 31. Rf2 h4 32. Rb2 b6 33. Kc4 h3 34. Rh2 Ra4+ 35. Kc3 Kd7 36. Rd2 Ke8 37. Bg1 Be6 38. Rd6 Kf7 39. Rd2 Rxa2 40. Rxa2 Bxa2 41. Bh2 Be6 42. Kb4 Ke7 43. Kb5 Kd7 44. Bg1 Kc7 45. Kb4 Kc6 46. Bh2 a5+ 47. Ka3 Bd7 48. Bg1 b5 49. Kb3 Be6+ 50. Kc3 b4+ 51. Kb2 Kb5 52. Ka1 a4 53. Kb2 a3+ 54. Ka1 b3 55. Bd4 b2+ 56. Bxb2 axb2+ 57. Kxb2 h2 0-1


[Site "https://www.chess.com"]

[Event "Titled Tuesday Blitz May 24 Early 2022"]
[White "Nogerbek, Kazybek"]
[Black "Poltorak, Sebastian"]
[WhiteFideId "13710427"]
[BlackFideId "1199498"]
[WhiteElo "2441"]
[BlackElo "2066"]
[Result "1-0"]
[Round "02"]
[TimeControl "180+1"]
[Date "2022.05.24"]
[WhiteClock "0:01:40"]
[BlackClock "0:00:14"]

1. Nf3 Nf6 2. c4 g6 3. g3 Bg7 4. Bg2 O-O 5. O-O d5 6. cxd5 Nxd5 7. d4 c5 8. e4 Nf6 9. Nc3 cxd4 10. Nxd4 Nc6 11. Nxc6 bxc6 12. Qa4 Bb7 13. Be3 Qc7 14. Rac1 Rfd8 15. h3 a5 16. Rfe1 e6 17. Qb3 Rdb8 18. Qc2 Ba6 19. e5 Nd7 20. f4 Qb7 21. Na4 Bb5 22. Bxc6 Bxc6 23. Qxc6 Qxc6 24. Rxc6 Rb4 25. b3 Nf8 26. Bc5 Rb7 27. h4 Rd8 28. Bd6 Nd7 29. Rec1 Bf8 30. Rc8 Rxc8 31. Rxc8 Kg7 32. Nc5 Ra7 33. Ne4 Bxd6 34. exd6 Nf6 35. Rc7 Ra8 36. Ng5 h6 37. Rxf7+ Kg8 38. Rxf6 hxg5 39. Rxg6+ Kf7 40. Rxg5 a4 41. h5 a3 42. h6 Rh8 43. d7 Ke7 44. Rg7+ Kd8 45. h7 Kc7 46. d8=Q+ 1-0


[Site "https://www.chess.com"]

[Event "Titled Tuesday Blitz May 24 Early 2022"]
[White "Olafsson, Helgi"]
[Black "Urquhart, Ed"]
[WhiteFideId "2300010"]
[BlackFideId "2603748"]
[WhiteElo "2463"]
[BlackElo "2184"]
[Result "1-0"]
[Round "02"]
[TimeControl "180+1"]
[Date "2022.05.25"]
[WhiteClock "0:01:24"]
[BlackClock "0:01:37"]

1. Nf3 Nf6 2. c4 e6 3. g3 d5 4. Bg2 Be7 5. O-O O-O 6. b3 b6 7. Bb2 Bb7 8. e3 c5 9. Qe2 Nc6 10. Rd1 dxc4 11. bxc4 Qc7 12. Nc3 Rad8 13. Rac1 Qb8 14. d4 cxd4 15. exd4 Qa8 16. d5 Na5 17. dxe6 Rxd1+ 18. Rxd1 Bc5 19. Na4 Nxc4 20. Bxf6 gxf6 21. Nxc5 bxc5 22. e7 Re8 23. Qxc4 Bxf3 24. Bxf3 Qxf3 25. Rd8 Qc6 26. Qg4+ Kh8 27. Qd1 Kg7 28. Rxe8 Qxe8 29. Qd8 1-0


[Site "https://www.chess.com"]

[Event "Titled Tuesday Blitz May 24 Early 2022"]
[White "Oparin, Grigoriy"]
[Black "Skuhala, Barbara"]
[WhiteFideId "24125890"]
[BlackFideId "14605465"]
[WhiteElo "2665"]
[BlackElo "2155"]
[Result "1-0"]
[Round "02"]
[TimeControl "180+1"]
[Date "2022.05.25"]
[WhiteClock "0:01:36"]
[BlackClock "0:01:28"]

1. c4 e5 2. Nc3 Nf6 3. Nf3 Nc6 4. e4 Bb4 5. d3 O-O 6. a3 Bxc3+ 7. bxc3 d6 8. g3 Ne7 9. Bg2 Ng6 10. O-O Be6 11. h3 Qd7 12. Kh2 h6 13. Be3 Nh7 14. c5 f5 15. exf5 Bxf5 16. cxd6 cxd6 17. d4 e4 18. Nd2 d5 19. c4 Kh8 20. cxd5 Qxd5 21. g4 Qd6+ 22. Kh1 Bd7 23. Nxe4 Qe7 24. d5 Nh4 25. Bc5 Qf7 26. Bxf8 Nxg2 27. Kxg2 Rxf8 28. f3 h5 29. Qd2 Qe7 30. Rae1 Kg8 31. d6 Qf7 32. Ng5 Nxg5 33. Qxg5 hxg4 34. hxg4 Bc6 35. Re7 Qa2+ 36. Kg3 Qb2 37. Qe5 1-0


[Site "https://www.chess.com"]

[Event "Titled Tuesday Blitz May 24 Early 2022"]
[White "Osiecki, Stanislaw"]
[Black "Le, Tuan Minh"]
[WhiteFideId "1102990"]
[BlackFideId "12401153"]
[WhiteElo "2127"]
[BlackElo "2450"]
[Result "0-1"]
[Round "02"]
[TimeControl "180+1"]
[Date "2022.05.25"]
[WhiteClock "0:00:01"]
[BlackClock "0:00:48"]

1. e4 c5 2. c3 Nf6 3. e5 Nd5 4. d4 cxd4 5. Nf3 Nc6 6. cxd4 d6 7. Bc4 dxe5 8. dxe5 Ndb4 9. Qxd8+ Nxd8 10. Na3 Bf5 11. O-O e6 12. Bb5+ Ndc6 13. Nd4 Be4 14. Bd2 O-O-O 15. Bxc6 Nxc6 16. Nxc6 Rxd2 17. Na5 Rxb2 18. N5c4 Re2 19. Rfc1 Bc6 20. Rc2 Rxc2 21. Nxc2 Bc5 22. Rc1 Rd8 23. h3 Kc7 24. N2e3 b6 25. Rc2 Rd4 26. g3 h5 27. h4 Rd3 28. Kf1 Bf3 29. Nb2 Rd4 30. a4 Kb7 31. a5 f6 32. axb6 axb6 33. exf6 gxf6 34. Rc4 f5 35. Rxd4 Bxd4 36. Nd3 Kc6 37. Nf4 Kd6 38. Ke1 Bc3+ 39. Kf1 b5 40. Nd3 b4 41. Nc4+ Kd5 0-1


[Site "https://www.chess.com"]

[Event "Titled Tuesday Blitz May 24 Early 2022"]
[White "Ozkan, Ervin"]
[Black "Fernandez Siles, Luis"]
[WhiteFideId "6306004"]
[BlackFideId "2209420"]
[WhiteElo "2226"]
[BlackElo "2212"]
[Result "1-0"]
[Round "02"]
[TimeControl "180+1"]
[Date "2022.05.25"]
[WhiteClock "0:01:06"]
[BlackClock "0:00:09"]

1. d4 Nf6 2. Bf4 g6 3. e3 Bg7 4. Nf3 O-O 5. h3 d6 6. Be2 c5 7. c3 Nc6 8. Nbd2 Be6 9. dxc5 dxc5 10. Qc2 Qd5 11. e4 Qd7 12. O-O Rad8 13. Ng5 h6 14. Nxe6 Qxe6 15. Bc4 Qd7 16. Rad1 e5 17. Bh2 Qe7 18. Rfe1 Nh5 19. Nf1 Nf4 20. Ne3 Qg5 21. Bg3 h5 22. h4 Qf6 23. Nd5 Rxd5 24. exd5 Ne7 25. d6 Nf5 26. Bxf4 exf4 27. d7 Qxh4 28. Qe4 Kh7 29. Qe8 Nh6 30. d8=Q Rxe8 31. Qxh4 1-0


[Site "https://www.chess.com"]

[Event "Titled Tuesday Blitz May 24 Early 2022"]
[White "Pakleza, Zbigniew"]
[Black "Hansch, Karsten"]
[WhiteFideId "1119290"]
[BlackFideId "24692239"]
[WhiteElo "2467"]
[BlackElo "2358"]
[Result "1/2-1/2"]
[Round "02"]
[TimeControl "180+1"]
[Date "2022.05.25"]
[WhiteClock "0:00:16"]
[BlackClock "0:01:00"]

1. d4 d5 2. Bf4 Nf6 3. e3 c5 4. c3 Nc6 5. Nd2 Bg4 6. Ngf3 cxd4 7. cxd4 e6 8. Qb3 Qb6 9. Qxb6 axb6 10. Bb5 Bb4 11. O-O Bxd2 12. Nxd2 Ke7 13. Rfc1 Rhc8 14. f3 Bf5 15. g4 Bg6 16. Kf2 Nb4 17. a3 Nd3+ 18. Bxd3 Bxd3 19. Bc7 b5 20. Rc3 b4 21. Rxd3 Rxc7 22. Ke2 Nd7 23. Rb3 bxa3 24. Raxa3 Rxa3 25. Rxa3 b6 26. Kd3 Kd6 27. h4 h5 28. gxh5 Rc8 29. Ra1 Rh8 30. Rg1 Rxh5 31. Rxg7 Ke7 32. Rg4 Nf6 33. Rf4 Rh7 34. e4 Nh5 35. Rg4 Nf6 36. Rf4 Nh5 37. Rg4 Nf6 38. Rf4 1/2-1/2


[Site "https://www.chess.com"]